 Dungeon Crawl Stone Soup version 0.31.0-11-ge490571c62 (webtiles) character file.

Game seed: 5922206031109862244

32 mopl the Trooper (level 3, 0/29 HPs)
             Began as a Merfolk Fighter on Feb 10, 2024.
             Slain by a ribbon worm (3 damage)
             ... on level 2 of the Dungeon.
             The game lasted 00:01:15 (1101 turns).

mopl the Trooper (Merfolk Fighter)                  Turns: 1101, Time: 00:01:16

Health: 0/29       AC:  6    Str: 18    XL:     3   Next: 25%
Magic:  3/3        EV:  9    Int:  7    God:
Gold:   46         SH:  4    Dex: 13    Spells: 2/2 levels left

rFire   . . .        a - +0 long sword
rCold   . . .        c - +0 buckler
rNeg    . . .        g - +0 scale mail
rPois   .            (no helmet)
rElec   .            (no cloak)
rCorr   .            (no gloves)
SInv    .            (no boots)
Will    .....        (no amulet) Stlth
                     (no ring)
HPRegen 0.24/turn    (no ring)
MPRegen 0.08/turn

%: no passive effects
@: no status effects
A: (nimble swimmer 2), mertail
a: no special abilities


You were on level 2 of the Dungeon.
You visited 1 branch of the dungeon, and saw 2 of its levels.

You collected 46 gold pieces.

Inventory:

Hand Weapons
 a - a +0 long sword (weapon)
 b - a +0 dagger of venom
Missiles
 f - 2 boomerangs
 j - 4 poisoned darts (quivered)
Armour
 c - a +0 buckler (worn)
 g - a +0 scale mail (worn)
Scrolls
 e - a scroll of blinking {unknown}
Potions
 d - a potion of might
 h - 2 potions of enlightenment {unknown}
 i - 2 potions of degeneration {unknown}
 k - a potion of haste {unknown}


   Skills:
 + Level 3.6 Fighting
 * Level 3.3 Long Blades
 + Level 0.0 Throwing
 + Level 2.3 Armour
 + Level 1.4 Dodging
 - Level 3.0 Shields


You had 2 spell levels left.
You didn't know any spells.
Your spell library was empty.

Dungeon Overview and Level Annotations

Branches:
Dungeon (2/15)

Altars:
Sif Muna

Shops:
D:1 ([:[


Innate Abilities, Weirdness & Mutations

((You are very nimble when in or above water. (Stealth+, EV+, Speed+++)))
Your lower body shifts to a powerful aquatic tail in water.


Message History

* * * LOW HITPOINT WARNING * * *
The kobold attacks as it pursues you! The kobold hits you but does no damage.
The kobold attacks as it pursues you!
The kobold hits you with a +0 short sword.
* * * LOW HITPOINT WARNING * * *
The kobold attacks as it pursues you! The kobold hits you but does no damage.
You hit the kobold.
You kill the kobold!
The bat hits you but does no damage.
You hit the bat.
You kill the bat!
You hit the ribbon worm but do no damage.
The ribbon worm is heavily wounded.
You block the ribbon worm's attack.
You barely miss the ribbon worm.
The ribbon worm is moderately wounded.
The ribbon worm expels a string of sticky webbing.
The stream of webbing hits you but does no damage.
You are caught in a web!
The web tears apart.
The ribbon worm bites you but does no damage.
You barely miss the ribbon worm.
The ribbon worm is moderately wounded.
The ribbon worm bites you.
* * * LOW HITPOINT WARNING * * *
You barely miss the ribbon worm.
The ribbon worm is moderately wounded.
The ribbon worm expels a string of sticky webbing.
The stream of webbing hits you but does no damage.
You are caught in a web!
The web tears apart.
The ribbon worm bites you.
* * * LOW HITPOINT WARNING * * *
You hit the ribbon worm but do no damage.
The ribbon worm is lightly wounded.
The ribbon worm expels a string of sticky webbing.
The stream of webbing misses you.
You barely miss the ribbon worm.
The ribbon worm is lightly wounded.
The ribbon worm bites you.
You die...

.............# ### ..
.............# ~.##.#
.............# ~....#
.............# ....#+##
....#.##.....# #...?..#
...(#........# #......+
....###.#+#### #.?....#..
.....##..<### #####.=.......
.<...####...# #@w...........
#+##.######.######'##........
#.##.........................
..######.#################...
#######..#### ..
....#..†....# . ###.##......#
# #.....###.### #
#..........)#


You could see a ribbon worm.

Vanquished Creatures
  4 bats
  An endoplasm (D:1)
  4 goblins (D:1)
  6 hobgoblins
  2 jackals (D:1)
  2 quokkas
  4 ball pythons
  A frilled lizard (D:1)
  4 kobolds
28 creatures vanquished.

Notes
Turn   | Place    | Note
-------+----------+-------------------------------------------
     0 | D:1      | mopl the Merfolk Fighter began the quest for the Orb.
     0 | D:1      | Reached XP level 1. HP: 18/18 MP: 1/1
    36 | D:1      | Found Judgheqa's Book Emporium.
    50 | D:1      | Reached XP level 2. HP: 20/24 MP: 2/2
   151 | D:1      | Reached skill level 1 in Dodging
   221 | D:1      | Found Dettalogg's Antique Armour Shop.
   260 | D:1      | Found Kaetyiwn's Antique Armour Shoppe.
   353 | D:1      | Found a faded altar of an unknown god.
   425 | D:1      | Found Dynourin's Weapon Emporium.
   440 | D:1      | Reached XP level 3. HP: 22/29 MP: 3/3
   839 | D:2      | Found a shimmering blue altar of Sif Muna.
  1101 | D:2      | Slain by a ribbon worm

Illustrated notes

Levels and vault maps discovered:
D:1:      nzn_arrival_depleted_hourglass, layout_loops_ring,
          basic_ecumenical_altar, serial_shops, nicolae_shop_crystal, shop,
          shop, nicolae_shop_tiny_waterfront
D:2:      layout_basic, basic_altar, chequers_serial_rivers_micro_b,
          patterned_corridor

Skill      XL: |  1  2 |
---------------+-------+-----
Long Blades    | 3 |  3.3
Dodging        | 1 |  1.4
Fighting       | |  3.6
Armour         | |  2.3
Shields        | |  3.0

Action                     || total
---------------------------++-------
  Melee: Long sword        ||   100
 Armour: Scale mail        ||    87
  Dodge: Dodged            ||    61
  Block: Buckler           ||    18
